 Dungeon Crawl Stone Soup version 0.30-a0-757-ga6a79fd877 (webtiles) character file.

Game seed: 11408979740893836765

94012 sircluck the Crack Shot (level 15, -16/72 HPs)
             Began as a Spriggan Hunter on Feb 8, 2023.
             Demolished by a large slime creature (30 damage)
             ... on level 2 of the Pits of Slime on Feb 9, 2023.
             The game lasted 00:50:02 (17157 turns).

sircluck the Crack Shot (Spriggan Hunter)          Turns: 17157, Time: 00:50:03

Health: -16/72     AC:  1    Str:  7    XL:     15   Next: 62%
Magic:  0/18       EV: 34    Int: 11    God:
Gold:   915        SH:  0    Dex: 38    Spells: 19/19 levels left

rFire   . . .      SeeInvis +    i - +6 arbalest of Eternal Night {flame, rCorr}
rCold   + . .      Faith    .    (shield currently unavailable)
rNeg    + . .      Spirit   +    V - +2 robe {rN+}
rPois   .          Reflect  .    W - +2 hat
rElec   .          Harm     .    X - +2 cloak {rC+}
rCorr   +          Rampage  .    (gloves unavailable)
Will    ++...      Rage     3%   (boots unavailable)
Stlth   +++++                    D - amulet of guardian spirit
HPRegen 0.32/turn                r - +6 ring of dexterity
MPRegen 0.16/turn                p - +6 ring of dexterity

@: about to teleport, corroded, very quick
A: very small, no large weapons, unfitting armour, see invisible, speed 3,
antennae 1, berserk 1, frail 1, low MP 1, screaming 1
a: no special abilities


You were on level 2 of the Pits of Slime.
You visited 3 branches of the dungeon, and saw 17 of its levels.
You also visited: Bailey and Ice Cave.

You collected 1029 gold pieces.
You spent 114 gold pieces at shops.

Inventory:

Hand Weapons
 a - a +2 heavy shortbow
 i - the +6 arbalest of Eternal Night (weapon) {flame, rCorr}
   (You acquired it on level 6 of the Dungeon)

   rCorr:     It protects you from acid and corrosion.
 C - a +2 quarterstaff of chaos
 Q - the +9 trident of the Black Skies {drain, Fragile rCorr Int+5 SInv}
   (You took it off a spriggan on level 10 of the Dungeon)

   Int:       It affects your intelligence (+5).
   SInv:      It lets you see invisible.
   rCorr:     It protects you from acid and corrosion.
   Fragile:   It will be destroyed if unequipped.
 Z - the +2 Maxwell's thermic engine {flame, freeze}
   (You found it in an ice cave)

   It becomes more effective when it hits something.
   This effect fades over time.
Missiles
 q - 19 poisoned darts
 x - 4 throwing nets
 B - 4 datura-tipped darts
Armour
 s - a +2 cloak
 V - a +2 robe of positive energy (worn)
 W - a +2 hat (worn)
 X - a +2 cloak of cold resistance (worn)
Jewellery
 c - a +5 ring of evasion
 e - a ring of flight
 m - an amulet of faith
 n - a ring of resist corrosion
 p - a +6 ring of dexterity (right hand)
 r - a +6 ring of dexterity (left hand)
 D - an amulet of guardian spirit (around neck)
Wands
 y - a wand of flame (15)
 A - a wand of mindburst (8)
 R - a wand of iceblast (12)
 U - a wand of acid (3)
 Y - a wand of charming (4)
Scrolls
 b - 3 scrolls of immolation
 d - 3 scrolls of teleportation
 g - 6 scrolls of blinking
 h - 3 scrolls of amnesia
 k - 3 scrolls of silence
 o - 13 scrolls of identify
 u - 4 scrolls of magic mapping
 v - 3 scrolls of noise
 L - 5 scrolls of enchant weapon
 M - 4 scrolls of enchant armour
 N - a scroll of fear
Potions
 f - 4 potions of haste
 j - a potion of resistance
 l - a potion of heal wounds
 t - 4 potions of curing
 w - 5 potions of brilliance
 z - 2 potions of attraction {unknown}
 E - 3 potions of magic {unknown}
 F - 3 potions of might
 G - 3 potions of invisibility {unknown}
 H - 4 potions of cancellation
 K - 4 potions of mutation {unknown}
 O - 5 potions of lignification
 P - 2 potions of flight {unknown}
Miscellaneous
 J - a phial of floods
 S - a condenser vane
 T - a condenser vane


   Skills:
 + Level 10.9 Fighting
 * Level 21.9 Ranged Weapons
 + Level 10.0 Dodging
 + Level 7.1 Stealth
 + Level 2.6 Spellcasting


You had 19 spell levels left.
You didn't know any spells.
Your spell library contained the following spells:

 Spells                   Type           Power      Damage    Failure   Level
 Blink                    Tloc           2%         N/A       38%         2
 Cigotuvi's Dreadful Rot  Necr/Pois/Air  2%         N/A       38%         2
 Ensorcelled Hibernation  Hex/Ice        2%         N/A       38%         2
 Lesser Beckoning         Tloc           2%         N/A       38%         2
 Momentum Strike          Conj/Tloc      2%         3d8       38%         2
 Passwall                 Tmut/Erth      0%         N/A       38%         2
 Static Discharge         Conj/Air       2%         2-3/arc   38%         2
 Gell's Gravitas          Tloc           1%         N/A       63%         3
 Inner Flame              Hex/Fire       1%         N/A       63%         3
 Swiftness                Air            1%         N/A       63%         3
 Teleport Other           Tloc           1%         N/A       63%         3
 Tukima's Dance           Hex            1%         N/A       63%         3
 Vhi's Electric Charge    Tloc/Air       2%         N/A       63%         3
 Dispel Undead            Necr           1%         3d6       95%         4
 Flame Wave               Conj/Fire      1%         2d4       95%         4
 Passage of Golubria      Tloc           1%         N/A       95%         4
 Sticky Flame             Conj/Fire      1%         2d3       95%         4
 Arcjolt                  Conj/Air       0%         1d10      100%        5
 Lightning Bolt           Conj/Air       0%         1d11      100%        5
 Yara's Violent Unravell  Hex/Tmut       0%         3d3       100%        5
 Death Channel            Necr           0%         N/A       100%        6


Dungeon Overview and Level Annotations

Branches:
Dungeon (10/15)            Temple (0/1) D:4            Lair (5/5) D:8
 Shoals (0/4) Lair:2       Spider (0/4) Lair:2        Slime (2/5) Lair:5
 Bailey (visited)           IceCv (visited)
    Orc: D:9-12

Altars:
Cheibriados
Hepliaklqana
Nemelex Xobeh
Okawaru
Qazlal
Sif Muna
Vehumet
Lugonu

Shops:
D:2 *   D:3 ?   D:6 [

Portals:
Abyss: Lair:5


Innate Abilities, Weirdness & Mutations

You are very small and have problems with some larger weapons.
You are too small for most types of armour.
You have supernaturally acute eyesight. (SInv)
You cover ground extremely quickly. (Speed+++)
You have a pair of small antennae on your head.
You sometimes lose your temper in combat.
You are frail. (-10% HP)
Your magical capacity is low. (-10% MP)
You occasionally shout uncontrollably at your foes.


Message History

The slime creature completely misses you.
A large slime creature splits.
The acid blob spits acid at you. The splash of acid hits you! You resist.
The acid corrodes you!
Acid dripping from the walls corrodes you.
Two slime creatures merge to form a large slime creature.
The slime creature hits you!!
* * * LOW HITPOINT WARNING * * *
You feel much better. The acid blob spits acid at you.
The splash of acid hits you! You resist.
A slime creature comes into view.
The slime creature barely misses you. The slime creature misses you.
You shoot a bolt. The bolt hits the acid blob!!
The bolt burns the acid blob!
The acid blob is moderately wounded.
The slime creature completely misses you.
A slime creature comes into view.
The slime creature completely misses you.
The acid blob hits you!
* * * LOW HITPOINT WARNING * * *
You are splashed with acid.
You resist.
* * * LOW HITPOINT WARNING * * *
You feel much better. The slime creature barely misses you.
A large slime creature splits.
The acid blob completely misses you.
The slime creature completely misses you.
As you read the scroll of teleportation, it crumbles to dust.
You feel strangely unstable.
Two slime creatures merge to form a large slime creature.
The acid blob hits you!!
* * * LOW HITPOINT WARNING * * *
The acid corrodes you!
You are splashed with acid.
You resist.
* * * LOW HITPOINT WARNING * * *
The slime creature completely misses you.
Two slime creatures merge to form a large slime creature.
You feel better. The acid blob hits you.
* * * LOW HITPOINT WARNING * * *
You are splashed with acid.
You resist.
* * * LOW HITPOINT WARNING * * *
The large slime creature hits you!!
You die...

##.... #. #.... #.
##..## #.
###....##### ##.
##.......##.###..
##................
##.....#........J..
#..J......<........
#.@JJJG.........##.
#.JJJ.J........####
##.............##
#..<............###
#....>.>.......##..
##.................
#.................
##................
###.......#......


You could see an acid blob, 2 large slime creatures, 5 slime creatures and a
shining eye.

Vanquished Creatures
  4 acid blobs
  Gastronok (Lair:2)
  A rockslime (Slime:2)
  2 azure jellies (Slime:2)
  A reaper (IceCv)
  A catoblepas (Lair:4)
  2 two-headed ogres
  3 death yaks (Lair:5)
  The ghost of Newt the Markskobold, a journeyman KoHu of Hepliaklqana (D:10)
  Urug (D:10)
  3 thrashing horrors (Lair:5)
  Sonja (Lair:2)
  Nergalle (Lair:2)
  Pikel (D:8)
  An ugly thing (Lair:5)
  A shining eye (Slime:1)
  5 black mambas
  18 elephants
  A gargoyle (D:10)
  An eye of devastation (Slime:1)
  2 ice statues (IceCv)
  An unseen horror (D:10)
  12 cane toads
  3 smoke demons (Lair:5)
  A rime drake (Lair:5)
  A freezing wraith (IceCv)
  13 komodo dragons
  2 ancient zymes (Lair:5)
  An anaconda simulacrum (IceCv)
  7 ice devils
  A troll (D:10)
  4 polar bears
  A troll (shapeshifter) (Lair:5)
  Grinder (D:4)
  2 hornets
  A tarantella (shapeshifter) (Lair:5)
  A snapping turtle (Lair:2)
  29 blink frogs
  18 dream sheep
  A spriggan (shapeshifter) (Lair:5)
  14 slime creatures
  2 vampires (D:10)
  2 spriggans (D:10)
  A dire elephant simulacrum (IceCv)
  2 ynoxinuls (Lair:5)
  3 culicivoras (Lair:2)
  4 wyverns
  27 yaks
  5 basilisks
  2 steam dragons
  2 large abominations (Lair:5)
  A hydra simulacrum (IceCv)
  13 water moccasins
  6 orc warriors
  A sky beast (D:7)
  3 black bears
  11 wolves
  8 centaurs
  3 lemures (D:8)
  3 kobold brigands
  2 phantoms (D:7)
  11 bullfrogs
  2 gnoll sergeants
  2 scorpions (D:5)
  A two-headed ogre simulacrum (IceCv)
  13 small abominations (Lair:5)
  A cane toad simulacrum (IceCv)
  9 wights
  2 elephant simulacra (IceCv)
  6 howler monkeys
  2 electric eels
  A hound (D:5)
  8 orc priests
  A gnoll bouda (D:5)
  2 jellies
  Crazy Yiuf (D:7)
  5 iguanas
  10 orc wizards
  7 hell rats (Lair:4)
  2 spriggan simulacra (IceCv)
  2 wolf simulacra (IceCv)
  22 gnolls
  3 naga simulacra (IceCv)
  10 adders
  2 white imps
  5 ufetubi (IceCv)
  3 worms
  3 dart slugs
  58 orcs
  2 ball pythons (D:2)
  5 bats
  11 endoplasms
  4 giant cockroaches
  7 goblins
  12 hobgoblins
  2 jackals (D:1)
  3 quokkas
  A frilled lizard (D:3)
  21 kobolds
  12 rats
541 creatures vanquished.

Vanquished Creatures (others)
  15 fungi
  35 plants
50 creatures vanquished.

Grand Total: 591 creatures vanquished

Notes
Turn   | Place    | Note
-------+----------+-------------------------------------------
     0 | D:1      | sircluck the Spriggan Hunter began the quest for the Orb.
     0 | D:1      | Reached XP level 1. HP: 10/10 MP: 2/2
   128 | D:1      | Reached XP level 2. HP: 13/14 MP: 3/3
   503 | D:1      | Reached XP level 3. HP: 18/18 MP: 4/4
   802 | D:2      | Found Idaeczuo's Assorted Antiques.
   907 | D:2      | Found a sparkling altar of Nemelex Xobeh.
   917 | D:2      | Reached skill level 5 in Ranged Weapons
  1237 | D:2      | Reached XP level 4. HP: 23/23 MP: 5/5
  1695 | D:3      | Found Byleo's Magic Scroll Emporium.
  1700 | D:3      | Bought a scroll of enchant weapon for 90 gold pieces
  1700 | D:3      | Bought a scroll of identify for 24 gold pieces
  1706 | D:3      | Found a snail-covered altar of Cheibriados.
  1850 | D:3      | Found a faded altar of an unknown god.
  2053 | D:3      | Found a shimmering blue altar of Sif Muna.
  2213 | D:3      | Noticed a kobold brigand
  2223 | D:3      | Killed a kobold brigand
  2224 | D:3      | Reached XP level 5. HP: 18/27 MP: 6/6
  2704 | D:4      | Reached skill level 6 in Ranged Weapons
  2737 | D:4      | Noticed a two-headed ogre
  2812 | D:4      | Killed a two-headed ogre
  2813 | D:4      | Reached skill level 8 in Ranged Weapons
  2813 | D:4      | Reached XP level 6. HP: 32/32 MP: 7/7
  2813 | D:4      | Reached XP level 7. HP: 36/36 MP: 8/8
  2953 | D:4      | Noticed Grinder
  2980 | D:4      | Killed Grinder
  2981 | D:4      | Reached skill level 9 in Ranged Weapons
  3001 | D:4      | Found a staircase to the Ecumenical Temple.
  3059 | D:4      | Found a stormy altar of Qazlal.
  3060 | D:4      | Found a sparkling altar of Nemelex Xobeh.
  3558 | D:5      | Entered Level 5 of the Dungeon
  3563 | D:5      | Reached XP level 8. HP: 40/40 MP: 9/9
  4825 | D:6      | Found Gaikegem's Armour Shop.
  5016 | D:6      | Identified a scroll of acquirement
  5017 | D:6      | Acquired the +6 arbalest of Eternal Night {flame, rCorr}
  5126 | D:6      | Reached skill level 10 in Ranged Weapons
  5502 | D:6      | Reached skill level 5 in Dodging
  5795 | D:7      | Noticed a hornet
  5797 | D:7      | Killed a hornet
  5798 | D:7      | Reached XP level 9. HP: 46/46 MP: 10/10
  5800 | D:7      | Reached skill level 11 in Ranged Weapons
  6023 | D:7      | Found a runed translucent door.
  6024 | D:7      | Noticed Crazy Yiuf
  6028 | D:7      | Killed Crazy Yiuf
  6264 | D:7      | Found a flagged portal.
  6272 | D:7      | Reached skill level 5 in Fighting
  6274 | D:7      | Reached skill level 12 in Ranged Weapons
  6299 | Bailey   | Entered a bailey
  6899 | D:7      | Reached XP level 10. HP: 51/51 MP: 11/11
  7079 | D:8      | Found a staircase to the Lair.
  7083 | D:8      | Reached skill level 13 in Ranged Weapons
  7187 | D:8      | Paralysed by a hornet for 2 turns
  7192 | D:8      | HP: 2/51 [hornet (14)]
  7492 | D:8      | Noticed Pikel
  7502 | D:8      | Killed Pikel
  8180 | D:9      | Reached skill level 14 in Ranged Weapons
  8512 | D:9      | Found an iron altar of Okawaru.
  8922 | D:10     | Entered Level 10 of the Dungeon
  8930 | D:10     | Noticed a two-headed ogre
  9161 | D:10     | Killed a two-headed ogre
  9162 | D:10     | Reached skill level 15 in Ranged Weapons
  9269 | D:10     | Reached XP level 11. HP: 56/56 MP: 12/12
  9329 | D:10     | Found a radiant altar of Vehumet.
  9332 | D:10     | Noticed Urug
  9345 | D:10     | Killed Urug
  9478 | D:10     | Found a runed translucent door.
  9480 | D:10     | Identified the +9 trident of the Black Skies {drain,
                  | Fragile rCorr Int+5 SInv}
  9480 | D:10     | Noticed Newt's ghost (journeyman KoHu)
  9688 | D:10     | Found a hazy altar of Hepliaklqana.
  9888 | D:10     | Killed Newt's ghost
  9889 | D:10     | Reached skill level 16 in Ranged Weapons
 10262 | Lair:1   | Entered Level 1 of the Lair of Beasts
 10689 | Lair:1   | Reached skill level 17 in Ranged Weapons
 11015 | Lair:2   | Reached XP level 12. HP: 62/62 MP: 13/13
 11130 | Lair:2   | Noticed Sonja
 11137 | Lair:2   | Killed Sonja
 11172 | Lair:2   | Noticed Gastronok
 11177 | Lair:2   | Killed Gastronok
 11178 | Lair:2   | Reached skill level 18 in Ranged Weapons
 11368 | Lair:2   | Found a staircase to the Shoals.
 11516 | Lair:2   | Found a frozen archway.
 11532 | IceCv    | Entered an ice cave
 11896 | IceCv    | Noticed a reaper
 11917 | IceCv    | Killed a reaper
 12006 | IceCv    | Found the +2 Maxwell's thermic engine {flame, freeze}
 12041 | IceCv    | Reached skill level 19 in Ranged Weapons
 12249 | Lair:2   | Noticed Nergalle
 12254 | Lair:2   | Killed Nergalle
 12359 | Lair:2   | Found a hole to the Spider Nest.
 12668 | Lair:2   | Upgraded the game from 0.30-a0-748-ge6a52f7cba to
                  | 0.30-a0-757-ga6a79fd877
 12762 | Lair:3   | Reached XP level 13. HP: 68/68 MP: 14/14
 12786 | Lair:3   | Found a hazy altar of Hepliaklqana.
 14676 | Lair:5   | Entered Level 5 of the Lair of Beasts
 14793 | Lair:5   | Reached skill level 20 in Ranged Weapons
 14796 | Lair:5   | Reached skill level 5 in Stealth
 15017 | Lair:5   | Found a runed translucent door.
 15017 | Lair:5   | Found a staircase to the Slime Pits.
 15017 | Lair:5   | Noticed an acid blob
 15017 | Lair:5   | Noticed an acid blob
 15441 | Lair:5   | Reached XP level 14. HP: 76/76 MP: 15/15
 15509 | Lair:5   | Reached skill level 10 in Fighting
 15509 | Lair:5   | Reached XP level 15. HP: 80/80 MP: 15/19
 15581 | Lair:5   | Reached skill level 21 in Ranged Weapons
 15591 | Lair:5   | Found a corrupted altar of Lugonu.
 15591 | Lair:5   | Found a one-way gate to the infinite horrors of the Abyss.
 16053 | Lair:5   | Reached skill level 10 in Dodging
 16297 | Lair:5   | Killed an acid blob
 16302 | Lair:5   | Killed an acid blob
 16562 | Slime:1  | Entered Level 1 of the Pits of Slime
 16562 | Slime:1  | Noticed an acid blob
 16574 | Slime:1  | Killed an acid blob
 16738 | Slime:1  | Gained mutation: You are frail. (-10% HP) [a shining eye]
 16739 | Slime:1  | Gained mutation: Your magical capacity is low. (-10% MP) [a
                  | shining eye]
 17033 | Slime:2  | Noticed an azure jelly
 17037 | Slime:2  | Killed an azure jelly
 17049 | Slime:2  | Noticed an acid blob
 17053 | Slime:2  | Killed an acid blob
 17111 | Slime:2  | Gained mutation: You occasionally shout uncontrollably at
                  | your foes. [a shining eye]
 17111 | Slime:2  | Noticed an acid blob
 17111 | Slime:2  | Noticed an azure jelly
 17113 | Slime:2  | Noticed a rockslime
 17113 | Slime:2  | Gained mutation: You have a pair of small antennae on your
                  | head. [a shining eye]
 17114 | Slime:2  | Gained mutation: You sometimes lose your temper in combat.
                  | [a shining eye]
 17119 | Slime:2  | Killed an azure jelly
 17141 | Slime:2  | HP: 2/72 [rockslime (32)]
 17148 | Slime:2  | Killed a rockslime
 17157 | Slime:2  | Demolished by a large slime creature

Illustrated notes

Levels and vault maps discovered:
D:1:      saegor_arrival_simple_e, layout_basic, minmay_rat_gold_closets
D:2:      layout_basic, basic_altar, serial_shops, nicolae_diamond_shop
D:3:      cheibrodos_thug_alley, layout_loops_ring,
          mainiacjoe_overflow_brackets, nicolae_sif_muna_little_library,
          basic_ecumenical_altar, serial_shops, shop, nicolae_titane
D:4:      layout_basic, nicolae_overflow_two_pavilions, temple_pool_b,
          grunt_ministairs_14, uniq_grinder
D:5:      layout_cave_pods, nrook_campfire, nicolae_grassy_gnolls
D:6:      layout_loops_ring, serial_shops, nicolae_shop_hallway_plus
D:7:      layout_loops_corners, enter_bailey_6, uniq_crazy_yiuf_cottage
D:8:      hellmonk_ruined_rings, layout_basic, dk_noncrumbling_3, uniq_pikel
D:9:      layout_loops_ring, hellmonk_okawaru_the_only_friend_you_need,
          nicolae_figureground_pulse
D:10:     layout_irregular_city, kennysheep_mini_moat,
          mainiacjoe_overflow_boulevard, ebering_ghost_funeral_grove,
          grunt_ministairs_15, uniq_urug
Lair:1:   layout_regular_city, st_stairs_6
Lair:2:   layout_loops_ring, minmay_shoals_entry_hut,
          hellmonk_spider_entry_life_and_decay, portal_ice_cave_demonic_guard,
          lemuel_fruit_tree, grunt_megastairs_4, uniq_sonja, uniq_nergalle,
          uniq_gastronok
Lair:3:   layout_roguey, lemuel_centaur_altar, serial_bayou_shore_a
Lair:4:   layout_gridlike, infiniplex_staircase_pool_2
Lair:5:   hellmonk_lair_end_abyssal_woods, layout_hall_layers, slime_entry_2,
          grunt_megastairs_2
Slime:1:  layout_caves
Slime:2:  layout_caves

Skill      XL: |  1  2  3  4  5  6  7  8  9 10 11 12 13 14 15 |
---------------+----------------------------------------------+-----
Dodging        | 3 5 6 8 9 10 | 10.0
Ranged Weapons | 5 8 9 10 12 15 17 19 20 21 | 21.9
Fighting       | 2 3 4 5 6 8 9 10 | 10.9
Stealth        | 2 3 4 5 6 7 |  7.1
Spellcasting   | 2 |  2.6

Action                     |  1- 3 |  4- 6 |  7- 9 | 10-12 | 13-15 || total
---------------------------+-------+-------+-------+-------+-------++-------
   Fire: Shortbow          |   109 |    82 |   177 |       |       ||   368
         Arbalest          |       |       |   117 |   410 |   455 ||   982
    Use: Scroll            |       |     1 |    10 |     1 |     8 ||    20
         Potion            |       |     1 |       |     2 |    14 ||    17
 Armour: Robe              |     5 |     2 |     8 |    11 |    20 ||    46
  Dodge: Dodged            |    28 |    18 |   130 |   125 |   168 ||   469

Table legend: (Time is in decaauts)
 A = Elapsed time spent in this place.
 B = Non-inter-level travel time spent in this place.
 C = Inter-level travel time spent in this place.
 D = Time resting spent in this place.
 E = Time spent auto-exploring this place.
 F = Levels seen in this place.
 G = Mean time per level.
                   A        B        C        D        E       F      G
               +--------+--------+--------+--------+--------+-----+--------+
         Total |  12126 |  10812 |   1314 |    531 |   7472 |  19 |  638.2 |
       Dungeon |   6745 |   5876 |    869 |    116 |   4414 |  10 |  674.5 |
          Lair |   4022 |   3578 |    444 |    188 |   2458 |   5 |  804.4 |
    Slime Pits |    480 |    480 |      0 |     77 |    230 |   2 |  240.0 |
        Bailey |    340 |    340 |      0 |      0 |    228 |   1 |  340.0 |
      Ice Cave |    539 |    539 |      0 |    150 |    141 |   1 |  539.0 |
               +--------+--------+--------+--------+--------+-----+--------+

Top non-repeatable levels by time:
  Lair:5: 1231 daAuts
     D:5: 852 daAuts
  Lair:2: 848 daAuts
    D:10: 797 daAuts
     D:8: 767 daAuts
  Lair:4: 763 daAuts
     D:3: 735 daAuts
  Lair:3: 712 daAuts
     D:7: 700 daAuts
     D:9: 649 daAuts
     D:4: 619 daAuts
     D:2: 579 daAuts
   IceCv: 539 daAuts
     D:6: 524 daAuts
     D:1: 519 daAuts
